 Dungeon Crawl Stone Soup version 0.27.1-33-g824d729ab1 (webtiles) character file.

Game seed: 2812547552435492820

555 MisterFreud the Fighter (level 7, -1/63 HPs)
             Began as a Gnoll Wanderer on Dec 20, 2021.
             Slain by a mummy (10 damage)
             ... in an ossuary.
             The game lasted 00:05:17 (3418 turns).

MisterFreud the Fighter (Gnoll Wanderer)            Turns: 3418, Time: 00:05:18

Health: -1/63      AC: 14    Str: 10      XL:     7   Next: 30%
Magic:  10/10      EV:  5    Int: 11      God:
Gold:   84         SH:  0    Dex: 19 (21) Spells: 10/10 levels left

rFire    . . .     SeeInvis .   a - +0 quarterstaff
rCold    . . .     Faith    .   (shield currently unavailable)
rNeg     . . .     Spirit   .   g - +4 chain mail
rPois    .         Reflect  .   (no helmet)
rElec    .         Harm     .   (no cloak)
rCorr    +         Rampage  .   o - +0 pair of gloves
Will     .....                  (no boots)
Stlth    ..........             (no amulet)
HPRegen  0.20/turn              i - +6 ring of dexterity
MPRegen  0.12/turn              h - ring of resist corrosion

@: no status effects
A: fangs 1, strong nose, distributed training
a: no special abilities


You were in an ossuary.
You visited 1 branch of the dungeon, and saw 4 of its levels.
You also visited: Ossuary.

You collected 139 gold pieces.
You spent 55 gold pieces at shops.

Inventory:

Hand Weapons
 a - a +0 quarterstaff (weapon)
Missiles
 r - 3 boomerangs (quivered)
Armour
 b - a +2 scale mail
 g - a +4 chain mail (worn)
 o - a +0 pair of gloves (worn)
Jewellery
 h - a ring of resist corrosion (right hand)
 i - a +6 ring of dexterity (left hand)
Wands
 j - a wand of polymorph (10)
 k - a wand of mindburst (12)
Scrolls
 d - a scroll of holy word {unknown}
 e - 3 scrolls of identify {unknown}
 f - 2 scrolls of teleportation {unknown}
 m - a scroll of amnesia {unknown}
 p - a scroll of noise {unknown}
 q - a scroll of enchant armour {unknown}
Potions
 c - a potion of lignification
 l - a potion of flight {unknown}
 n - a potion of attraction {unknown}
 s - a potion of berserk rage


   Skills:
 + Level 8.9 Fighting
 + Level 2.4 Short Blades
 + Level 2.4 Long Blades
 + Level 3.5 Axes
 + Level 2.4 Maces & Flails
 + Level 2.4 Polearms
 + Level 3.5 Staves
 + Level 2.4 Slings
 + Level 2.4 Bows
 + Level 2.4 Crossbows
 + Level 5.2 Throwing
 + Level 3.5 Armour
 + Level 3.5 Dodging
 + Level 2.4 Stealth
 + Level 2.4 Shields
 + Level 2.4 Unarmed Combat
 + Level 2.4 Spellcasting
 + Level 2.0 Conjurations
 + Level 2.0 Hexes
 + Level 2.0 Summonings
 + Level 2.0 Necromancy
 + Level 2.0 Translocations
 + Level 2.0 Transmutations
 + Level 2.0 Fire Magic
 + Level 2.0 Ice Magic
 + Level 2.0 Air Magic
 + Level 2.0 Earth Magic
 + Level 2.0 Poison Magic
 + Level 2.6 Invocations
 + Level 2.4 Evocations


You had 10 spell levels left.
You didn't know any spells.
Your spell library contained the following spells:

 Spells                   Type           Power      Damage    Failure   Level
 Freeze                   Ice            20%        1d4       100%        1
 Passwall                 Tmut/Erth      4%         N/A       100%        2
 Frozen Ramparts          Ice            10%        1d3       100%        3
 Swiftness                Air            5%         N/A       100%        3
 Hailstorm                Conj/Ice       5%         3d4       100%        4
 Alistair's Intoxication  Tmut/Pois      3%         N/A       100%        5
 Borgnjor's Vile Clutch   Necr/Erth      2%         N/A       100%        5
 Eringya's Noxious Bog    Tmut/Pois      2%         N/A       100%        6
 Invisibility             Hex            2%         N/A       100%        6


Dungeon Overview and Level Annotations

Branches:
Dungeon (4/15)            Ossuary (1/1)
 Temple: D:4-7

Altars:
Makhleb
Okawaru
Yredelemnul

Shops:
D:4 !

Annotations:
D:4 2 transporters, MisterFreud's ghost, amateur HOAK


Innate Abilities, Weirdness & Mutations

You have very sharp teeth.
Your uncanny sense of smell can sniff out nearby items.
Your experience applies equally to all skills.


Message History

The mummy is heavily damaged.
The hobgoblin zombie hits you but does no damage.
The mummy barely misses you.
You sock the mummy! You bite the mummy, but do no damage.
The mummy is almost destroyed.
The mummy hits you.
The hobgoblin zombie hits you but does no damage.
You hit the mummy.
You destroy the mummy!
The mummy completely misses you.
The hobgoblin zombie hits you but does no damage.
Your Conjurations skill increases to level 2!
Your Hexes skill increases to level 2!
Your Summonings skill increases to level 2!
Your Necromancy skill increases to level 2!
Your Translocations skill increases to level 2!
Your Transmutations skill increases to level 2!
Your Fire Magic skill increases to level 2!
Your Ice Magic skill increases to level 2!
Your Air Magic skill increases to level 2!
Your Earth Magic skill increases to level 2!
Your Poison Magic skill increases to level 2!
Unknown command.
You hit the mummy.
The mummy is moderately damaged.
You hit the mummy but do no damage.
The mummy is moderately damaged.
The hobgoblin zombie hits you but does no damage.
The mummy hits you.
* * * LOW HITPOINT WARNING * * *
You barely miss the mummy.
The mummy is moderately damaged.
The hobgoblin zombie hits you but does no damage.
The mummy hits you!
* * * LOW HITPOINT WARNING * * *
You hit the mummy but do no damage.
The mummy is moderately damaged.
The hobgoblin zombie hits you but does no damage.
The mummy hits you!
You die...

#....#
∆
#....#
#....#
∆
#....#
∆∆
#....#
∆∆
#....#
∆ ∆∆
#....#
∆ ∆
#M.Z.#
∆ ∆∆
#.@∩.#
∆
######


You could see a mummy and a hobgoblin zombie.

Vanquished Creatures
  An ogre (D:4)
  A bullfrog (D:3)
  A scorpion (D:4)
  3 orc priests
  Jessica (D:2)
  3 orc wizards
  3 mummies (Ossuary)
  2 adders
  2 worms
  5 dart slugs
  12 orcs
  3 endoplasms
  3 giant cockroaches
  6 goblins
  4 hobgoblins
  3 quokkas
  4 ball pythons
  A ball python zombie (D:3)
  A bat (D:3)
  5 frilled lizards
  A giant cockroach zombie (D:3)
  A gnoll zombie (Ossuary)
  A hobgoblin zombie (Ossuary)
  8 kobolds
  5 orc zombies (Ossuary)
  6 rats
86 creatures vanquished.

Vanquished Creatures (others)
  3 fungi (D:4)
3 creatures vanquished.

Grand Total: 89 creatures vanquished

Notes
Turn   | Place    | Note
-------+----------+-------------------------------------------
     0 | D:1      | MisterFreud the Gnoll Wanderer began the quest for the Orb.
     0 | D:1      | MisterFreud set off with the following items: a +0
                  | quarterstaff, a +2 scale mail, a potion of lignification
     0 | D:1      | Reached XP level 1. HP: 26/26 MP: 1/1
   170 | D:1      | Reached XP level 2. HP: 31/33 MP: 2/2
   578 | D:1      | Reached XP level 3. HP: 37/38 MP: 3/3
   671 | D:1      | Found a faded altar of an unknown god.
  1069 | D:2      | Reached skill level 1 in Invocations
  1108 | D:2      | Noticed Jessica
  1111 | D:2      | Killed Jessica
  1112 | D:2      | Reached skill level 1 in Short Blades
  1112 | D:2      | Reached skill level 1 in Long Blades
  1112 | D:2      | Reached skill level 1 in Maces & Flails
  1112 | D:2      | Reached skill level 1 in Polearms
  1112 | D:2      | Reached skill level 1 in Slings
  1112 | D:2      | Reached skill level 1 in Bows
  1112 | D:2      | Reached skill level 1 in Crossbows
  1112 | D:2      | Reached skill level 1 in Stealth
  1112 | D:2      | Reached skill level 1 in Shields
  1112 | D:2      | Reached skill level 1 in Unarmed Combat
  1112 | D:2      | Reached skill level 1 in Spellcasting
  1112 | D:2      | Reached skill level 1 in Evocations
  1112 | D:2      | Reached XP level 4. HP: 45/45 MP: 5/5
  1546 | D:3      | Reached skill level 1 in Conjurations
  1546 | D:3      | Reached skill level 1 in Hexes
  1546 | D:3      | Reached skill level 1 in Summonings
  1546 | D:3      | Reached skill level 1 in Necromancy
  1546 | D:3      | Reached skill level 1 in Translocations
  1546 | D:3      | Reached skill level 1 in Transmutations
  1546 | D:3      | Reached skill level 1 in Fire Magic
  1546 | D:3      | Reached skill level 1 in Ice Magic
  1546 | D:3      | Reached skill level 1 in Air Magic
  1546 | D:3      | Reached skill level 1 in Earth Magic
  1546 | D:3      | Reached skill level 1 in Poison Magic
  1596 | D:3      | Found a basalt altar of Yredelemnul.
  1697 | D:3      | Reached XP level 5. HP: 10/51 MP: 5/7
  2130 | D:3      | Reached XP level 6. HP: 15/57 MP: 8/8
  2416 | D:3      | Found a burning altar of Makhleb.
  2753 | D:4      | Found a transporter.
  2754 | D:4      | Noticed MisterFreud's ghost (amateur HOAK)
  2755 | D:4      | Found a transporter.
  2787 | D:4      | Reached skill level 5 in Throwing
  2854 | D:4      | Found an iron altar of Okawaru.
  2944 | D:4      | HP: 1/57 [ogre (13)]
  2946 | D:4      | Reached XP level 7. HP: 2/63 MP: 10/10
  3298 | D:4      | Found Bits's Distillery.
  3304 | D:4      | Bought a potion of berserk rage for 55 gold pieces
  3340 | D:4      | Found a sand-covered staircase.
  3345 | Ossuary  | Entered an ossuary
  3418 | Ossuary  | Slain by a mummy

Illustrated notes

Levels and vault maps discovered:
D:1:      giann_wishing_wells, layout_loops_ring,
          chequers_ecumenical_altar_simple_redux
D:2:      layout_basic, palyth_stone_intersect, corner_web_ring, uniq_jessica
D:3:      layout_basic, lemuel_zombie_altar_yredelemnul,
          mainiacjoe_overflow_tiny_flanked
D:4:      minmay_evil_eye, layout_basic, mainiacjoe_overflow_alcove_1,
          mainiacjoe_overflow_chevrons, serial_shops, nicolae_stop_n_shop_1,
          enter_ossuary_5, gammafunk_ghost_arena, uniq_natasha
Ossuary:  ossuary_tomb_3

Skill      XL: |  1  2  3  4  5  6  7 |
---------------+----------------------+-----
Invocations    | 1 2 |  2.6
Short Blades   | 1 2 |  2.4
Long Blades    | 1 2 |  2.4
Maces & Flails | 1 2 |  2.4
Polearms       | 1 2 |  2.4
Slings         | 1 2 |  2.4
Bows           | 1 2 |  2.4
Crossbows      | 1 2 |  2.4
Stealth        | 1 2 |  2.4
Shields        | 1 2 |  2.4
Unarmed Combat | 1 2 |  2.4
Spellcasting   | 1 2 |  2.4
Evocations     | 1 2 |  2.4
Conjurations   | 1 2 |  2.0
Hexes          | 1 2 |  2.0
Summonings     | 1 2 |  2.0
Necromancy     | 1 2 |  2.0
Translocations | 1 2 |  2.0
Transmutations | 1 2 |  2.0
Fire Magic     | 1 2 |  2.0
Ice Magic      | 1 2 |  2.0
Air Magic      | 1 2 |  2.0
Earth Magic    | 1 2 |  2.0
Poison Magic   | 1 2 |  2.0
Axes           | 3 |  3.5
Staves         | 3 |  3.5
Armour         | 3 |  3.5
Dodging        | 3 |  3.5
Throwing       | 5 |  5.2
Fighting       | |  8.9

Action                   |  1- 3 |  4- 6 |  7- 9 || total
-------------------------+-------+-------+-------++-------
Melee: Quarterstaff      |    85 |   205 |    38 ||   328
       Bite              |    10 |    22 |    10 ||    42
  Use: Potion            |       |     2 |       ||     2
Armor: Scale mail        |    42 |       |       ||    42
       Chain mail        |     3 |   183 |    38 ||   224
Dodge: Dodged            |    34 |    37 |    13 ||    84
